Map: [ESL] Moondance

Players

Cham - Winner!

  • Race: Zerg Zerg
  • Spawn Location: 12:00

MasTeR

  • Race: Protoss Protoss
  • Spawn Location: 6:00

Event: DreamHack SC2 Masters 2022 Atlanta (Online)

VOD

Have the link to the VOD?

Description

Time

  • Played on: Sept. 29, 2022, 4:44 p.m.
  • Length: 10:49

All games in this series

Show
View Real Time Build Order
Export as new Build Order

Cham Zerg - Winner!

Build Orders: Hatch First 

Get SALT Encoding   

  12  0:00  Drone  
  13  0:08  Drone  
  14  0:17  Overlord  
  14  0:35  Drone x2  
  16  0:47  Hatchery  
  15  0:51  Drone  
  15  0:55  Drone  
  17  0:58  Drone  
  18  1:12  Spawning Pool  
  18  1:14  Extractor  
  18  1:17  Drone  
  17  1:20  Drone  
  18  1:35  Drone  
  19  1:41  Drone  
  20  1:51  Drone  
  21  1:59  Queen x2  
  25  2:02  Drone  
  25  2:03  Overlord  
  26  2:09  Drone  
  26  2:12  Drone  
  28  2:22  Drone  
  29  2:23  Drone  
  29  2:27  Hatchery  
  29  2:35  Queen  
  31  2:38  Zergling x2  
  31  2:41  Drone  
  33  2:44  Overlord  
  33  2:46  Drone  
  34  2:52  Queen  
  36  3:03  Drone  
  36  3:04  Drone  
  38  3:07  Drone x4  
  38  3:10  Drone x2  
  38  3:12  Overlord  
  44  3:20  Spore Crawler  
  44  3:21  Drone  
  44  3:27  Overlord  
  44  3:29  Queen  
  44  3:33  Drone  
  47  3:36  Spore Crawler  
  47  3:38  Overlord  
  46  3:42  Drone  
  46  3:43  Drone x3  
  46  3:44  Drone x3  
  46  3:47  Overlord  
  53  3:53  Drone  
  54  3:58  Drone x2  
  55  4:03  Evolution Chamber  
  55  4:04  Drone x2  
  55  4:05  Drone x2  
  55  4:09  Spore Crawler, Overlord  
  57  4:12  Drone  
  58  4:18  Metabolic Boost, Overlord  
  58  4:22  Extractor  
  58  4:23  Drone  
  58  4:26  Overlord  
  58  4:27  Drone  
  59  4:34  Drone x3, Zerg Melee Weapons Level 1  
  59  4:35  Drone x2  
  59  4:38  Roach Warren  
  63  4:42  Drone x2  
  65  4:49  Drone x2, Extractor  
  65  4:50  Drone x2, Extractor  
  67  4:53  Overlord  
  67  4:55  Overlord  
  67  4:57  Overlord x2  
  67  4:58  Drone  
  67  4:59  Drone  
  69  5:06  Overlord  
  69  5:10  Overlord  
  69  5:11  Lair, Zergling x2  
  69  5:12  Zergling x4  
  72  5:18  Hatchery  
  72  5:21  Drone x2  
  73  5:25  Zergling x6, Drone  
  77  5:29  Zergling x4  
  77  5:30  Zergling x4  
  77  5:32  Zergling x2  
  77  5:35  Overlord  
  82  5:38  Zergling x2  
  83  5:43  Drone  
  83  5:44  Overlord  
  83  5:45  Zergling x2, Overlord  
  83  5:48  Zergling x4  
  86  5:50  Zergling x2, Queen  
  86  5:52  Overlord  
  86  5:55  Zergling x4  
  86  5:56  Zergling x4  
  93  5:57  Drone  
  93  6:00  Drone  
  93  6:03  Zergling x2  
  96  6:06  Zergling x2  
  97  6:13  Overlord  
  97  6:14  Glial Reconstitution  
  97  6:23  Hatchery  
  90  6:26  Zergling x12  
  90  6:29  Zergling x10  
  90  6:31  Drone  
  97  6:35  Zergling x2  
  97  6:36  Zergling x2  
  97  6:37  Zerg Melee Weapons Level 2  
  97  6:39  Drone  
  95  6:40  Baneling Nest  
  95  6:43  Drone  
  95  6:45  Drone x2  
  95  6:46  Overlord  
  97  6:47  Drone  
  97  6:49  Drone x4  
  97  6:52  Overlord  
  99  7:02  Overlord  
  99  7:03  Overlord  
  99  7:05  Drone  
  99  7:06  Spire  
  96  7:08  Drone  
  96  7:09  Drone x6  
  96  7:12  Extractor x2  
  96  7:15  Overlord  
  100  7:16  Drone x2  
  100  7:17  Roach x5  
  100  7:19  Roach x2  
  115  7:25  Centrifugal Hooks  
  115  7:28  Roach x2  
  115  7:29  Roach  
  121  7:33  Overlord  
  121  7:34  Roach x2  
  121  7:36  Drone  
  121  7:37  Pneumatized Carapace  
  126  7:40  Roach x3  
  132  7:44  Zergling x4, Drone  
  132  7:46  Drone, Roach x2  
  139  7:51  Roach x2  
  139  7:52  Roach x2  
  139  7:55  Zergling x8  
  139  7:58  Roach x2  
  154  8:04  Queen  
  153  8:08  Roach x5  
  153  8:09  Zergling x2  
  164  8:17  Drone x2  
  164  8:19  Drone  
  167  8:20  Drone  
  167  8:21  Spore Crawler  
  167  8:23  Zergling x2  
  167  8:24  Zergling x18  
  167  8:27  Spore Crawler  
  174  8:28  Drone  
  174  8:30  Zergling x4  
  177  8:36  Zergling x6  
  177  8:37  Overlord  
  177  8:39  Zergling x4  
  182  8:43  Zergling x6  
  185  8:50  Baneling x11  
  185  8:51  Baneling x6  
  185  8:53  Zerg Ground Armor Level 1  
  185  8:54  Baneling x2  
  182  8:59  Zergling x24  
  194  9:03  Drone x2  
  194  9:04  Infestation Pit  
  190  9:18  Drone x3  
  190  9:24  Zergling x18  
  193  9:28  Spore Crawler  
  199  9:36  Zergling x2  
  200  9:38  Baneling  
  200  9:39  Baneling x16  
  200  9:44  Baneling x16  
  200  9:59  Hatchery  
  199  10:02  Zergling x2  
  199  10:03  Zergling x2  
  188  10:15  Zergling x14  
  188  10:16  Zergling x12  
  194  10:24  Zergling x28  
Show
View Real Time Build Order
Export as new Build Order

MasTeR Protoss 

Build Orders: 1 Gate Expand, Oracle Opening 

Get SALT Encoding   

  12  0:00  Probe  
  13  0:12  Probe  
  14  0:20  Pylon  
  14  0:24  Probe  
  15  0:38  Probe (Chrono Boost)  
  15  0:39  Gateway  
  16  0:46  Probe (Chrono Boost)  
  16  0:47  Assimilator  
  17  0:52  Probe  
  18  1:04  Probe  
  19  1:16  Probe  
  20  1:24  Nexus  
  20  1:34  Cybernetics Core  
  20  1:37  Probe  
  21  1:42  Assimilator  
  21  1:49  Probe  
  21  1:53  Pylon  
  22  2:01  Probe (Chrono Boost)  
  23  2:10  Adept  
  23  2:13  Probe (Chrono Boost)  
  26  2:20  Stargate  
  26  2:21  Probe (Chrono Boost)  
  27  2:24  Warp Gate  
  27  2:28  Probe (Chrono Boost)  
  29  2:38  Probe (Chrono Boost)  
  29  2:39  Probe (Chrono Boost)  
  30  2:45  Probe (Chrono Boost), Stalker  
  30  2:46  Probe (Chrono Boost)  
  30  2:50  Probe (Chrono Boost)  
  34  2:54  Probe  
  36  3:01  Oracle (Chrono Boost)  
  36  3:02  Probe  
  40  3:06  Probe  
  40  3:11  Pylon  
  41  3:14  Probe  
  41  3:18  Probe  
  43  3:26  Probe  
  44  3:30  Oracle (Chrono Boost), Probe  
  48  3:38  Probe  
  48  3:40  Nexus  
  49  3:42  Probe  
  49  3:48  Gateway  
  50  3:53  Probe, Pylon  
  50  3:54  Probe  
  52  4:02  Assimilator  
  52  4:04  Assimilator  
  52  4:05  Probe  
  52  4:08  Probe  
  54  4:11  Oracle  
  57  4:19  Probe (Chrono Boost)  
  57  4:22  Forge, Probe (Chrono Boost)  
  57  4:23  Twilight Council  
  60  4:33  Gateway  
  60  4:34  Probe (Chrono Boost)  
  60  4:35  Probe (Chrono Boost)  
  60  4:36  Gateway  
  61  4:39  Probe (Chrono Boost)  
  62  4:46  Pylon  
  62  4:52  Probe (Chrono Boost)  
  64  4:53  Probe (Chrono Boost)  
  64  4:54  Protoss Ground Weapons Level 1 (Chrono Boost)  
  64  4:55  Probe (Chrono Boost)  
  65  5:00  Blink (Chrono Boost)  
  65  5:04  Probe x2 (Chrono Boost)  
  68  5:08  Probe (Chrono Boost)  
  68  5:09  Probe x2 (Chrono Boost)  
  68  5:10  Sentry x2  
  68  5:14  Pylon  
  74  5:16  Probe  
  74  5:18  Probe  
  74  5:19  Probe  
  77  5:28  Probe, Gateway  
  78  5:30  Probe, Gateway  
  78  5:31  Gateway  
  78  5:33  Gateway  
  79  5:43  Nexus  
  79  5:45  Pylon  
  79  5:47  Stalker x2  
  81  5:53  Oracle (Chrono Boost), Stalker  
  86  5:59  Pylon  
  86  6:03  Probe x2  
  89  6:04  Probe  
  89  6:06  Stalker  
  91  6:13  Stalker x2, Pylon  
  91  6:15  Probe x2  
  91  6:16  Probe  
  98  6:19  Stalker  
  98  6:24  Stalker  
  100  6:28  Stalker  
  100  6:29  Stalker x2  
  100  6:31  Probe  
  95  6:33  Probe  
  95  6:34  Probe  
  95  6:37  Oracle  
  92  6:43  Probe  
  92  6:45  Probe  
  92  6:46  Stalker  
  92  6:47  Stalker x2  
  98  6:51  Probe  
  101  6:54  Stalker  
  101  6:57  Probe  
  101  6:58  Probe  
  101  7:00  Probe  
  106  7:04  Shield Battery  
  106  7:05  Stalker x3  
  112  7:12  Stalker x3  
  117  7:17  Probe  
  117  7:18  Probe  
  117  7:19  Probe  
  117  7:20  Assimilator  
  117  7:21  Probe  
  121  7:24  Photon Cannon  
  121  7:25  Assimilator  
  121  7:27  Stalker x2  
  121  7:29  Probe  
  126  7:35  Photon Cannon  
  126  7:39  Stalker x3  
  132  7:57  Robotics Facility  
  132  8:01  Robotics Facility  
  132  8:05  Stalker x2, Pylon  
  128  8:07  Pylon  
  128  8:12  Photon Cannon  
  132  8:14  Forge  
  132  8:21  Photon Cannon  
  132  8:27  Stalker x3  
  132  8:28  Stalker x3  
  132  8:32  Nexus  
  144  8:35  Stalker x2  
  144  8:39  Pylon  
  148  8:41  Pylon  
  148  8:44  Robotics Bay  
  148  8:51  Gateway  
  148  8:53  Gateway  
  148  8:54  Gateway  
  148  8:57  Probe x3  
  148  8:58  Photon Cannon  
  148  8:59  Photon Cannon  
  148  9:00  Shield Battery  
  148  9:01  Stalker  
  148  9:02  Sentry x2  
  157  9:03  Pylon  
  157  9:10  Stalker x3  
  163  9:25  Pylon x2  
  163  9:28  Gateway  
  163  9:32  Gateway  
  163  9:33  Gateway, Stalker x4  
  171  9:41  Disruptor (Chrono Boost), Pylon  
  171  9:43  Disruptor (Chrono Boost), Pylon  
  171  9:44  Pylon  
  177  9:50  Photon Cannon  
  177  9:54  Stalker x3  
  183  10:00  Stalker x2  
  187  10:07  Disruptor (Chrono Boost)  
  190  10:17  Stalker x4  
  194  10:26  Stalker x2  
  145  10:30  Stalker  
  145  10:33  Stalker  
  118  10:35  Probe (Chrono Boost)  
  118  10:38  Probe (Chrono Boost)  
  118  10:39  Probe (Chrono Boost)  
Tags
 
Add a new tag
Caveats
  • Supply blocks, unpowered buildings, or Contaminate may cause inaccurate times.
  • Supply counts are checked every 10 seconds.